 Seeded DCSS version 0.23.2 (webtiles) character file.

Game seed: 97667173627

1449170 aperiodic the Lord of Darkness (level 27, 214/214 HPs)
             Began as a Gnoll Wizard on Sept 26, 2019.
             Was the Champion of Kikubaaqudgha.
             Escaped with the Orb
             ... and 3 runes on Sept 29, 2019!
             The game lasted 08:49:35 (93718 turns).

aperiodic the Lord of Darkness (Gnoll Wizard)      Turns: 93718, Time: 08:49:36

Health: 214/214    AC: 24    Str: 13    XL:     27
Magic:  45/45      EV: 26    Int: 36    God:    Kikubaaqudgha [******]
Gold:   3536       SH: 28    Dex: 20    Spells: 2/62 levels left

rFire    + . .     SeeInvis +   a - staff of death
rCold    . . .     Gourm    .   L - +8 large shield {AC+3}
rNeg     + . .     Faith    +   X - +2 robe {Archmagi}
rPois    .         Spirit   .   J - +2 helmet
rElec    +         Reflect  .   C - +1 cloak of Tenacity {MR+ Dex+4 Stlth-}
rCorr    .         Harm     .   F - +2 pair of gloves {Dex+3}
MR       +++++                  l - +2 pair of boots {run}
Stlth    ++........             z - amulet of faith
HPRegen  0.45/turn              c - ring of the Mage {Wiz MR++ Int+3}
MPRegen  0.29/turn              x - ring of Qoutech {AC+2 Int+6}

@: quick
A: distributed training, fangs 1, see invisible, clumsy 1, deterioration 2,
dopey 1, fire resistance 1, electricity resistance, strong nose
0: Orb of Zot
}: 3/15 runes: decaying, silver, gossamer
a: Receive Corpses, Torment, Renounce Religion


You escaped.
You worshipped Kikubaaqudgha.
Kikubaaqudgha was exalted by your worship.
You were full.

You visited 10 branches of the dungeon, and saw 50 of its levels.
You visited 1 bazaar.
You also visited: Trove, Sewer, Bailey, Gauntlet, Ice Cave and Desolation.

You collected 9580 gold pieces.
You spent 6044 gold pieces at shops.

Inventory:

Hand Weapons
 b - a +9 demon trident of pain
 t - the +7 Spriggan's Knife {stab, EV+4 Stlth+}
   (You found it on level 3 of the Elven Halls)

   It affects your evasion (+4).
   It makes you more stealthy.
Missiles
 m - 8 javelins of penetration
 O - 8 throwing nets (quivered)
Armour
 l - a +2 pair of boots of running (worn)
 C - the +1 cloak of Tenacity (worn) {MR+ Dex+4 Stlth-}
   (You found it in a Gauntlet)

   It affects your dexterity (+4).
   It affects your resistance to hostile enchantments.
   It makes you less stealthy.
 F - a +2 pair of gloves of dexterity (worn)
 J - a +2 helmet (worn)
 L - a +8 large shield of protection (worn)
 X - a +2 robe of the Archmagi (worn)
Magical Staves
 a - an uncursed staff of death (weapon)
 Q - an uncursed staff of wizardry
Jewellery
 c - the ring of the Mage (left hand) {Wiz MR++ Int+3}
   (You found it in a Gauntlet)

   [ring of wizardry]

   It improves your spell success rate.
   It affects your intelligence (+3).
   It affects your resistance to hostile enchantments.
 j - an uncursed ring of protection from fire
 x - the ring of Qoutech (right hand) {AC+2 Int+6}
   (You found it in a treasure trove)

   [ring of protection]

   It affects your AC (+2).
   It affects your intelligence (+6).
 z - an amulet of faith (around neck)
Wands
 f - a wand of enslavement (24)
 o - a wand of clouds (21)
 s - a wand of scattershot (4)
 y - a wand of iceblast (55)
 P - a wand of acid (22)
 T - a wand of digging (7)
Scrolls
 e - 8 scrolls of fear
 i - 10 scrolls of fog
 k - 15 scrolls of remove curse
 u - 7 scrolls of immolation
 I - 10 scrolls of teleportation
 M - 9 scrolls of blinking
 S - 4 scrolls of summoning
Potions
 g - 9 potions of flight
 p - 7 potions of mutation
 v - 5 potions of agility
 w - 9 potions of brilliance
 A - 5 potions of haste
 B - 23 potions of curing
 D - 19 potions of heal wounds
 E - 4 potions of invisibility
 H - 4 potions of resistance
 K - 12 potions of might
 Y - 3 potions of ambrosia
Miscellaneous
 n - a phial of floods
 q - a phantom mirror
 N - a lightning rod (4/4)
 R - a fan of gales (inert)
 V - a lamp of fire
 W - 4 boxes of beasts
 Z - 3 sacks of spiders
Comestibles
 d - 20 rations


   Skills:
 + Level 17.0 Fighting
 + Level 17.0 Short Blades
 + Level 17.0 Long Blades
 + Level 17.0 Axes
 + Level 17.0 Maces & Flails
 + Level 17.0 Polearms
 + Level 17.0 Staves
 + Level 17.0 Slings
 + Level 17.0 Bows
 + Level 17.0 Crossbows
 + Level 17.0 Throwing
 + Level 17.0 Armour
 + Level 17.4 Dodging
 + Level 17.4 Stealth
 + Level 17.0 Shields
 + Level 17.0 Unarmed Combat
 + Level 18.0 Spellcasting
 + Level 14.8 Conjurations
 + Level 14.6 Hexes
 + Level 14.6 Charms
 + Level 14.8 Summonings
 + Level 14.6 Necromancy
 + Level 14.8 Translocations
 + Level 14.6 Transmutations
 + Level 14.6 Fire Magic
 + Level 17.7 Ice Magic
 + Level 14.6 Air Magic
 + Level 14.6 Earth Magic
 + Level 14.6 Poison Magic
 + Level 18.3 Invocations
 + Level 17.0 Evocations


You had 2 spell levels left.
You knew the following spells:

 Your Spells              Type           Power        Failure   Level  Hunger
a - Spellforged Servitor  Conj/Summ      ########..   2%          7    ##.....
b - Blink                 Tloc           N/A          0%          2    None
c - Death Channel         Necr           ########..   1%          6    None
d - Apportation           Tloc           ######       0%          1    None
e - Haunt                 Necr/Summ      ########..   2%          7    ##.....
f - Animate Dead          Necr           N/A          1%          4    None
g - Malign Gateway        Summ/Tloc      ########..   2%          7    ##.....
h - Simulacrum            Ice/Necr       ########..   1%          6    None
i - Sublimation of Blood  Necr           ########..   0%          2    None
j - Dispel Undead         Necr           ########     1%          5    None
k - Bolt of Draining      Conj/Necr      ########..   1%          5    None
m - Animate Skeleton      Necr           N/A          0%          1    None
n - Borgnjor's Vile Clut  Necr/Erth      ########..   1%          5    None
o - Swiftness             Chrm/Air       ########     0%          2    None

Your spell library contained the following spells:

 Spells                   Type           Power        Failure   Level  Hunger
 Beastly Appendage        Tmut           ######       0%          1    None
 Confusing Touch          Hex            ######       0%          1    None
 Corona                   Hex            #######      0%          1    None
 Flame Tongue             Conj/Fire      #####        0%          1    None
 Infusion                 Chrm           ####         0%          1    None
 Magic Dart               Conj           ####         0%          1    None
 Pain                     Necr           ####         0%          1    None
 Shock                    Conj/Air       ####         0%          1    None
 Sting                    Conj/Pois      ####         0%          1    None
 Summon Butterflies       Summ           ########     0%          1    None
 Summon Small Mammal      Summ           ####         0%          1    None
 Call Imp                 Summ           ########     0%          2    None
 Corpse Rot               Necr           N/A          0%          2    None
 Ensorcelled Hibernation  Hex/Ice        ######       0%          2    None
 Passwall                 Tmut/Erth      ########     0%          2    None
 Poisonous Vapours        Pois/Air       ######       0%          2    None
 Searing Ray              Conj           ######       0%          2    None
 Shroud of Golubria       Chrm/Tloc      ########..   0%          2    None
 Slow                     Hex            ########     0%          2    None
 Song of Slaying          Chrm           ########     0%          2    None
 Sticks to Snakes         Tmut           ########     0%          2    None
 Throw Flame              Conj/Fire      ######       0%          2    None
 Confuse                  Hex            ########     0%          3    None
 Conjure Flame            Conj/Fire      ########     0%          3    None
 Dazzling Spray           Conj/Hex       ######       0%          3    None
 Gell's Gravitas          Tloc           ########..   0%          3    None
 Ignite Poison            Fire/Tmut/Pois ########     0%          3    None
 Inner Flame              Hex/Fire       ########     0%          3    None
 Lesser Beckoning         Tloc           ########..   0%          3    None
 Mephitic Cloud           Conj/Pois/Air  ########     0%          3    None
 Portal Projectile        Hex/Tloc       ######       0%          3    None
 Recall                   Summ/Tloc      N/A          0%          3    None
 Regeneration             Chrm/Necr      ########..   0%          3    None
 Spectral Weapon          Hex/Chrm       ########     0%          3    None
 Spider Form              Tmut/Pois      ########..   0%          3    None
 Static Discharge         Conj/Air       ########     0%          3    None
 Stone Arrow              Conj/Erth      ######       0%          3    None
 Tukima's Dance           Hex            ########     0%          3    None
 Vampiric Draining        Necr           ########..   0%          3    None
 Airstrike                Air            ########..   1%          4    None
 Cause Fear               Hex            ########..   1%          4    None
 Force Lance              Conj/Tloc      ########     1%          4    None
 Fulminant Prism          Conj/Hex       ########..   1%          4    None
 Ice Form                 Ice/Tmut       ########     1%          4    None
 Iskenderun's Mystic Bla  Conj           ########     1%          4    None
 Leda's Liquefaction      Hex/Erth       ########..   1%          4    None
 Olgreb's Toxic Radiance  Pois           ########     1%          4    None
 Petrify                  Tmut/Erth      ########     1%          4    None
 Sticky Flame             Conj/Fire      ########     1%          4    None
 Summon Lightning Spire   Summ/Air       ########     1%          4    None
 Throw Icicle             Conj/Ice       ########     1%          4    None
 Agony                    Necr           ########     1%          5    None
 Alistair's Intoxication  Tmut/Pois      ########     1%          5    None
 Blade Hands              Tmut           ########..   1%          5    None
 Excruciating Wounds      Chrm/Necr      ########..   1%          5    None
 Fireball                 Conj/Fire      ########..   1%          5    None
 Irradiate                Conj/Tmut      ########..   1%          5    None
 Lightning Bolt           Conj/Air       ########..   1%          5    None
 Metabolic Englaciation   Hex/Ice        ########..   1%          5    None
 Silence                  Hex/Air        ########..   1%          5    None
 Summon Forest            Summ/Tloc      ########..   1%          5    None
 Venom Bolt               Conj/Pois      ########..   1%          5    None
 Yara's Violent Unravell  Hex/Tmut       ########..   1%          5    None
 Bolt of Fire             Conj/Fire      ########..   1%          6    None
 Conjure Ball Lightning   Conj/Air       ########..   1%          6    None
 Darkness                 Hex            ########..   1%          6    None
 Deflect Missiles         Chrm/Air       ########..   1%          6    None
 Dispersal                Tloc           ########..   1%          6    None
 Freezing Cloud           Conj/Ice/Air   ########..   1%          6    None
 Hydra Form               Tmut           ########..   1%          6    None
 Invisibility             Hex            ########     1%          6    None
 Shadow Creatures         Summ           N/A          1%          6    None
 Statue Form              Tmut/Erth      ########.    1%          6    None
 Dragon Form              Tmut           ########..   2%          7    ##.....
 Monstrous Menagerie      Summ           ########..   2%          7    ##.....
 Ring of Flames           Chrm/Fire      ########..   2%          7    ##.....
 Summon Greater Demon     Summ           ########..   2%          7    ##.....
 Summon Hydra             Summ           ########..   2%          7    ##.....
 Borgnjor's Revivificati  Necr           ########..   17%         8    ####...
 Controlled Blink         Tloc           N/A          17%         8    ####...
 Death's Door             Chrm/Necr      ########..   17%         8    ####...
 Disjunction              Tloc           ########..   17%         8    ####...
 Ignition                 Fire           ########..   17%         8    ####...
 Infestation              Necr           ########..   17%         8    ####...
 Necromutation            Tmut/Necr      ########..   17%         8    ####...
 Summon Horrible Things   Summ           ########..   17%         8    ####...
 Tornado                  Air            ########..   93%         9    ######.


Dungeon Overview and Level Annotations

Branches:
Dungeon (15/15)            Temple (1/1) D:7            Lair (6/6) D:11
  Swamp (4/4) Lair:3       Spider (4/4) Lair:4        Slime (0/5) Lair:5
    Orc (2/2) D:9             Elf (3/3) Orc:2        Vaults (5/5) D:13
  Crypt (0/3) Vaults:3     Depths (5/5) D:15            Zot (5/5) Depths:5

Altars:
Ashenzari
Cheibriados
Dithmenos
Elyvilon
Fedhas
Gozag
Hepliaklqana
Kikubaaqudgha
Makhleb
Nemelex Xobeh
Okawaru
Qazlal
Ru
Sif Muna
Trog
Uskayaw
Vehumet
Wu Jian
Xom
Yredelemnul
Zin
The Shining One
Beogh

Shops:
D:5 [   Orc:1 (   Orc:2 :?[}}   Vaults:2 [[*   Zot:1 **

Portals:
Hell: Depths:4 Depths:5
Abyss: Depths:4
Pandemonium: Depths:3
Ziggurat: Depths:5

Annotations:
Lair:2 1 runed translucent door, exclusion: 2 oklob plants, Qoesoec's ghost, journeyman GrFi
Lair:5 exclusion: 5 oklob plants
Elf:1 6 runed translucent doors
Elf:2 5 runed translucent doors
Vaults:4 3 runed translucent doors, Angmar's ghost, veteran DrAE


Innate Abilities, Weirdness & Mutations

Your experience applies equally to all skills.
You have very sharp teeth.
Your uncanny sense of smell can sniff out nearby items.
You have supernaturally acute eyesight. (SInv)
You are clumsy. (Dex -2)
Your body often deteriorates upon taking damage.
You are dopey. (Int -2)
Your flesh is heat resistant. (rF+)
You are resistant to electric shocks. (rElec)


Message History

Unknown command, not repeating.
Unknown command.
Unknown command.
(D) Dungeon (T) Temple (L) Lair (S) Swamp (N) Spider Nest (M) Slime Pits (O) Orcish Mines (E) Elven Halls (V) Vaults (C) Crypt (U) Depths (H) Hell (Z) Zot
Where to? (Enter - D:1 @ (x,y), ? - help)
What level of the Dungeon? (default 1, ? - help)
There is a stone staircase leading up here.
You climb upwards.
There is a stone staircase leading down here.
There is a stone staircase leading up here.
You climb upwards.
There is a stone staircase leading down here.
A tormentor comes into view.
The tormentor moves out of view.
You see here a robe.
There is a staircase leading out of the dungeon here.
You have escaped!

#.#######.## #...##...# ####.#
#....# ####.#.##...# .....##
#.##.## ##..#.#..#...# ......#
#.###.###.#...##.#..2# ......#
#.# ##.#.####........# ......#
#.## ##.## ##.###...### ......#
##.###.#.###.## #.>...# ......#
##.#.#.#.#.## #...#.# ......#
##.#.@[#.## #.###.#
......######.#.#.#.#.#####.# #.#
..........#.###.#.###.#....###.#
......###..## ##.## ##..##.....#
......# #...###.#.###...########
####### ###..#.###.#..### ##..##
##..## #### ####


There were no monsters in sight!

Vanquished Creatures
  2 ancient liches (Zot:5)
  Saint Roka (Depths:1)
  2 Killer Klowns
  The ghost of Heg Cuhi the Slayer, an adept MiFi of Okawaru (Elf:2)
  The ghost of Heg Cuhi the Slayer, an adept MiFi of Okawaru (Elf:2)
  3 golden dragons
  the Enchantress (Depths:3)
  Arachne (Spider:2)
  4 liches
  4 tentacled monstrosities
  4 Orb Guardians (Zot:5)
  2 deep elf master archers (Elf:3)
  2 death cobs (Zot:1)
  4 quicksilver dragons
  2 titans (Vaults:5)
  A sphinx (Vaults:4)
  Frances (D:13)
  6 shadow dragons
  A thorn hunter (Swamp:1)
  3 draconian monks
  3 tengu reavers
  Roxanne (D:14)
  10 storm dragons
  A frost giant (Vaults:4)
  A daeva (Depths:5)
  9 deep elf sorcerers
  3 fire giants
  2 draconian scorchers (Zot:5)
  4 imperial myrmidons (Desolation)
  8 ghost moths
  7 vault wardens
  5 draconian shifters
  An orc warlord (Orc:1)
  Louise (D:14)
  3 draconian knights
  An angel (Depths:5)
  2 deep elf elementalists (Vaults:5)
  2 draconian annihilators (Zot:1)
  10 ironheart preservers
  4 emperor scorpions
  22 very ugly things
  8 stone giants
  4 spriggan defenders
  4 entropy weavers
  The ghost of SushiGirl the Devastator, a journeyman DECj of Vehumet (Elf:2)
  7 black draconians
  9 deep elf demonologists
  9 green draconians
  Azrael (D:13)
  2 halazid warlocks (Desolation)
  10 deep elf annihilators
  6 red draconians
  A vampire knight (Depths:3)
  3 purple draconians (Zot:1)
  5 yellow draconians
  6 spark wasps
  A minotaur (Gauntlet)
  9 deep elf death magi
  4 white draconians
  9 ettins
  5 ragged hierophants (Desolation)
  Erolcha (Orc:2)
  11 ogre magi
  11 yaktaur captains
  8 deep elf high priests
  A great orb of eyes (Depths:5)
  7 fire dragons
  6 ice dragons
  5 peacekeepers (Desolation)
  2 shambling mangroves (Swamp:1)
  12 vault guards
  8 servants of whispers (Desolation)
  3 spriggan air magi
  Harold (D:9)
  23 hydras
  4 rakshasas
  15 dancing weapons
  29 two-headed ogres
  8 centaur warriors
  3 catoblepae (Lair:6)
  7 alligators
  7 tengu warriors
  5 deep troll earth magi
  4 deep troll shamans
  6 death yaks (Lair:6)
  2 orc high priests
  A large abomination (Elf:1)
  2 vampire magi
  9 hell knights (Depths:4)
  4 spriggan berserkers
  A storm dragon zombie (Vaults:4)
  Sonja (Lair:2)
  An iron troll (Depths:3)
  16 deep elf knights
  A titan skeleton (Vaults:5)
  2 shadow wraiths (Vaults:4)
  4 skeletal warriors (D:12)
  9 swamp dragons
  An unseen horror (Vaults:1)
  2 glowing orange brains
  An obsidian statue (Zot:1)
  A swamp dragon (shapeshifter) (D:13)
  An unseen horror (shapeshifter) (Elf:2)
  A spriggan druid (Swamp:4)
  14 deep trolls
  3 wizards
  A tengu zombie (Vaults:4)
  2 phantasmal warriors (Vaults:5)
  13 deep elf archers
  15 ironbrand convokers
  12 orb spiders
  27 wolf spiders
  6 orc knights
  9 orc sorcerers
  5 necromancers
  A mana viper (shapeshifter) (D:15)
  6 harpies
  17 moths of wrath
  24 ugly things
  A salamander (shapeshifter) (Depths:1)
  An orb spider (shapeshifter) (Vaults:3)
  56 deep elf magi
  8 cyclopes
  3 manticores
  A frost giant skeleton (Vaults:5)
  5 elephants (Lair:6)
  Maurice (D:13)
  A human skeleton (Vaults:3)
  A guardian serpent (shapeshifter) (D:15)
  2 black mambas
  11 vault sentinels
  A rust devil (Depths:3)
  A molten gargoyle (Desolation)
  3 torpor snails
  24 spiny frogs
  4 guardian serpents
  Psyche (D:9)
  5 spectral swamp worms (Depths:5)
  An ice statue (IceCv)
  A minotaur zombie (Gauntlet)
  8 komodo dragons
  A yaktaur zombie (Vaults:4)
  2 efreet
  12 freezing wraiths
  A rime drake (shapeshifter) (Vaults:3)
  3 ice devils
  27 yaktaurs
  10 demonic crawlers
  4 tengu conjurers
  10 trolls
  A queen bee (shapeshifter) (Vaults:3)
  A polar bear (Lair:5)
  30 jumping spiders
  14 tyrant leeches
  21 hornets
  14 blink frogs
  8 hippogriffs
  7 dream sheep (Lair:4)
  41 saltlings (Desolation)
  21 slime creatures
  A bog body (Swamp:3)
  70 redbacks
  2 vampires
  2 air elementals (Elf:3)
  7 spriggans
  A shadow (Swamp:1)
  2 tarantellas (shapeshifter)
  48 yaks
  27 tarantellas
  4 water elementals
  3 wraiths
  A yak (shapeshifter) (Vaults:3)
  11 fire elementals
  A redback (shapeshifter) (Vaults:5)
  3 hogs (D:14)
  8 wyverns
  A human (shapeshifter) (Elf:3)
  9 humans (D:13)
  A steam dragon (D:13)
  14 vampire mosquitoes
  2 death yak simulacra (IceCv)
  18 swamp worms
  4 wargs
  4 acid dragons
  A swamp worm (shapeshifter) (Vaults:5)
  16 water moccasins
  2 hell hounds (D:13)
  10 porcupines
  13 ice beasts
  39 orc warriors
  7 sky beasts
  A black bear (shapeshifter) (D:15)
  3 phantoms
  7 swamp drakes
  2 black bears
  4 boggarts (Vaults:1)
  An alligator simulacrum (IceCv)
  15 centaurs
  An ettin simulacrum (Vaults:3)
  39 ogres
  A necrophage (D:10)
  7 crocodiles
  4 big kobolds
  20 bullfrogs
  An earth elemental (Elf:1)
  A glowing shapeshifter simulacrum (Vaults:3)
  A water moccasin zombie (Swamp:2)
  A wyvern skeleton (D:8)
  An elephant simulacrum (IceCv)
  4 scorpions
  A swamp dragon simulacrum (Swamp:2)
  3 killer bees (D:7)
  A human simulacrum (Vaults:3)
  4 wights (D:9)
  3 electric eels (Spider:3)
  3 centaur zombies
  5 crimson imps
  4 draconian simulacra (IceCv)
  2 bullfrog zombies
  2 hounds
  19 orc priests
  5 jellies
  43 orc wizards
  A gnoll shaman (D:7)
  5 centaur skeletons
  6 worker ants
  6 iguanas
  7 troll simulacra (IceCv)
  A killer bee zombie (D:8)
  5 centaur simulacra (IceCv)
  2 crocodile zombies (Swamp:2)
  A hound zombie (D:6)
  A hound skeleton (D:8)
  3 worker ant zombies
  9 gnolls
  19 adders
  4 naga simulacra (IceCv)
  3 river rats (Sewer)
  A shadow imp (D:7)
  12 white imps (IceCv)
  An ufetubus (Vaults:3)
  4 oozes
  3 adder zombies
  3 adder skeletons
  4 worms
  3 dart slugs
  7 leopard geckos
  157 orcs
  4 giant cockroaches
  7 goblins
  10 hobgoblins
  12 jackals
  30 kobolds
  4 quokkas
  5 ball pythons
  3 bats
  8 frilled lizards
  A quokka skeleton (D:6)
  29 rats
  A crawling corpse (Elf:1)
  A plant (D:3)
1944 creatures vanquished.

Vanquished Creatures (collateral kills)
  4 ancient liches (Zot:5)
  6 orbs of fire the Lernaean hydra (Swamp:4)
  The ghost of Icycared the Slayer, a master GrFi of Okawaru (Zot:1)
  5 Killer Klowns
  2 golden dragons
  8 tentacled monstrosities
  3 electric golems
  20 Orb Guardians (Zot:5)
  A lich (Depths:3)
  2 quicksilver dragons
  A deep elf blademaster (Elf:3)
  3 sphinxes (Vaults:5)
  A death cob (Zot:1)
  A thorn hunter (Swamp:1)
  Kirke (D:14)
  2 shadow dragons
  A tengu reaver (Vaults:4)
  A draconian monk (Zot:4)
  6 storm dragons
  2 fire giants
  5 frost giants
  A draconian knight (Zot:2)
  2 ghost moths
  5 vault wardens
  An emperor scorpion (Spider:4)
  3 draconian scorchers
  6 very ugly things
  A draconian annihilator (Zot:4)
  A spriggan defender (Depths:3)
  8 ironheart preservers
  9 stone giants
  A draconian shifter (Zot:5)
  A stone giant (shapeshifter) (Vaults:5)
  2 green draconians
  2 deep elf annihilators
  3 yellow draconians
  3 purple draconians
  4 white draconians
  A black draconian (Zot:2)
  5 ettins
  4 deep elf high priests (Vaults:5)
  6 yaktaur captains
  2 fire dragons
  3 ragged hierophants (Desolation)
  19 vault guards
  2 ogre magi
  A rakshasa (Depths:3)
  5 hydras
  2 ice dragons
  A ghost crab (Swamp:4)
  2 servants of whispers (Desolation)
  A shambling mangrove (Swamp:1)
  2 alligators
  2 deep troll shamans (Depths:3)
  A centaur warrior (D:14)
  2 deep troll earth magi
  2 dancing weapons
  3 tengu warriors
  9 two-headed ogres
  4 hell knights
  A deep elf knight (Vaults:3)
  A soul eater (Depths:3)
  A glowing orange brain (D:15)
  10 deep trolls
  2 iron trolls (Depths:3)
  A flayed ghost (Vaults:5)
  2 swamp dragons (Swamp:4)
  3 wizards
  2 deep elf archers
  A tengu zombie (Vaults:4)
  A necromancer (Vaults:5)
  6 harpies
  2 ironbrand convokers (Vaults:3)
  2 phantasmal warriors (Vaults:5)
  2 orc knights
  10 orb spiders
  9 ugly things
  2 frost giant zombies
  6 deep elf magi
  A faun (shapeshifter) (Depths:4)
  10 wolf spiders
  8 moths of wrath
  A frost giant skeleton (Vaults:5)
  A rust devil (Zot:4)
  A guardian serpent (Desolation)
  A water nymph (shapeshifter) (Vaults:5)
  6 vault sentinels
  2 torpor snails (Spider:4)
  A yaktaur zombie (Vaults:3)
  A hellion (Depths:3)
  A komodo dragon (shapeshifter) (Vaults:5)
  16 yaktaurs
  2 demonic crawlers (Spider:3)
  2 freezing wraiths
  A yaktaur (shapeshifter) (Depths:4)
  A hellwing (Depths:3)
  7 jumping spiders
  2 tyrant leeches
  7 saltlings (Desolation)
  3 hornets
  A stone giant simulacrum (Vaults:3)
  2 slime creatures
  29 redbacks
  4 tarantellas
  2 water elementals (Depths:1)
  A fire elemental (D:13)
  2 spriggans
  A yak (shapeshifter) (D:15)
  A basilisk (D:13)
  3 vampire mosquitoes
  3 wargs
  A swamp worm (shapeshifter) (Vaults:5)
  A swamp worm (Swamp:4)
  5 orc warriors
  2 swamp drakes (Swamp:4)
  A human zombie (Vaults:5)
  5 ogres
  A centaur (D:13)
  A big kobold (D:13)
  5 earth elementals
  A crimson imp (D:13)
  A human simulacrum (Vaults:4)
  2 orc priests
  2 orc wizards
  A worker ant (D:14)
  14 orcs
  A kobold (D:13)
  A bat (D:3)
  3 frilled lizards (D:3)
  2 crawling corpses (Vaults:3)
  2 pillars of salt (Vaults:2)
449 creatures vanquished.

Vanquished Creatures (others)
  An Orb Guardian (Zot:5)
  10 eldritch tentacles
  A deep elf elementalist (Elf:3)
  An emperor scorpion (Spider:4)
  A dancing weapon (Elf:2)
  A deep elf knight (Elf:1)
  An ugly thing (Vaults:2)
  A deep elf mage (Elf:1)
  A jumping spider (Spider:3)
  2 saltlings (Desolation)
  A spriggan (Swamp:4)
  A human (D:13)
  An ogre (Depths:1)
  An orc wizard (D:11)
  A bush (Lair:6)
  6 fungi
  6 pillars of salt (Vaults:2)
  16 plants
53 creatures vanquished.

Grand Total: 2446 creatures vanquished

Notes
Turn   | Place    | Note
-------+----------+-------------------------------------------
     0 | D:1      | aperiodic the Gnoll Wizard began the quest for the Orb.
     0 | D:1      | Reached XP level 1. HP: 13/13 MP: 8/8
   320 | D:1      | Reached XP level 2. HP: 19/19 MP: 7/10
   347 | D:1      | Learned a level 2 spell: Blink
   350 | D:1      | Learned a level 2 spell: Call Imp
   353 | D:1      | Learned a level 2 spell: Slow
   696 | D:1      | Reached XP level 3. HP: 25/25 MP: 4/11
  1486 | D:2      | Reached skill level 1 in Invocations
  1598 | D:2      | Reached skill level 1 in Fighting
  1598 | D:2      | Reached skill level 1 in Short Blades
  1598 | D:2      | Reached skill level 1 in Long Blades
  1598 | D:2      | Reached skill level 1 in Axes
  1598 | D:2      | Reached skill level 1 in Maces & Flails
  1598 | D:2      | Reached skill level 1 in Polearms
  1598 | D:2      | Reached skill level 1 in Staves
  1598 | D:2      | Reached skill level 1 in Slings
  1598 | D:2      | Reached skill level 1 in Bows
  1598 | D:2      | Reached skill level 1 in Crossbows
  1598 | D:2      | Reached skill level 1 in Throwing
  1598 | D:2      | Reached skill level 1 in Armour
  1598 | D:2      | Reached skill level 1 in Shields
  1598 | D:2      | Reached skill level 1 in Unarmed Combat
  1598 | D:2      | Reached skill level 1 in Evocations
  1710 | D:2      | Reached XP level 4. HP: 32/32 MP: 11/13
  2869 | D:3      | Reached skill level 1 in Hexes
  2869 | D:3      | Reached skill level 1 in Charms
  2869 | D:3      | Reached skill level 1 in Necromancy
  2869 | D:3      | Reached skill level 1 in Transmutations
  2869 | D:3      | Reached skill level 1 in Fire Magic
  2869 | D:3      | Reached skill level 1 in Ice Magic
  2869 | D:3      | Reached skill level 1 in Air Magic
  2869 | D:3      | Reached skill level 1 in Earth Magic
  2869 | D:3      | Reached skill level 1 in Poison Magic
  3342 | D:3      | Learned a level 3 spell: Conjure Flame
  3346 | D:3      | Learned a level 3 spell: Mephitic Cloud
  3457 | D:3      | Reached XP level 5. HP: 37/37 MP: 11/14
  3600 | D:3      | Noticed an ogre
  3615 | D:3      | Killed an ogre
  4249 | D:4      | Noticed an ogre
  4288 | D:4      | Killed an ogre
  4288 | D:4      | Reached XP level 6. HP: 44/44 MP: 3/16
  4477 | D:4      | Reached skill level 5 in Dodging
  5222 | D:4      | Reached XP level 7. HP: 50/50 MP: 9/18
  5553 | D:5      | Entered Level 5 of the Dungeon
  5723 | D:5      | Found Busk's Antique Armour Boutique.
  5746 | D:5      | Found a glowing drain.
  5805 | Sewer    | Entered a sewer
  6113 | Sewer    | Reached skill level 5 in Stealth
  6510 | Sewer    | Reached XP level 8. HP: 57/57 MP: 15/19
  8273 | D:5      | Reached XP level 9. HP: 65/65 MP: 17/21
  8894 | D:6      | Found an iron altar of Okawaru.
 10391 | D:7      | Found a staircase to the Ecumenical Temple.
 10400 | Temple   | Entered the Ecumenical Temple
 10554 | Temple   | Became a worshipper of Kikubaaqudgha
 10659 | D:6      | Reached skill level 5 in Invocations
 10685 | D:5      | Bought a pair of glowing boots for 195 gold pieces
 10848 | D:7      | Found a shadowy altar of Dithmenos.
 11146 | D:8      | Reached XP level 10. HP: 73/73 MP: 13/22
 11946 | D:8      | Reached skill level 5 in Fighting
 11946 | D:8      | Reached skill level 5 in Short Blades
 11946 | D:8      | Reached skill level 5 in Long Blades
 11946 | D:8      | Reached skill level 5 in Axes
 11946 | D:8      | Reached skill level 5 in Maces & Flails
 11946 | D:8      | Reached skill level 5 in Polearms
 11946 | D:8      | Reached skill level 5 in Staves
 11946 | D:8      | Reached skill level 5 in Slings
 11946 | D:8      | Reached skill level 5 in Bows
 11946 | D:8      | Reached skill level 5 in Crossbows
 11946 | D:8      | Reached skill level 5 in Throwing
 11946 | D:8      | Reached skill level 5 in Armour
 11946 | D:8      | Reached skill level 5 in Shields
 11946 | D:8      | Reached skill level 5 in Unarmed Combat
 11946 | D:8      | Reached skill level 5 in Evocations
 12075 | D:8      | Reached * piety under Kikubaaqudgha
 12075 | D:8      | Identified Kikubaaqudgha's Catalogue of Unholy Rituals
                  | (Kikubaaqudgha gifted it to you on level 8 of the Dungeon)
 12075 | D:8      | Received a gift from Kikubaaqudgha
 12081 | D:8      | Learned a level 3 spell: Vampiric Draining
 12084 | D:8      | Learned a level 2 spell: Corpse Rot
 12087 | D:8      | Learned a level 2 spell: Sublimation of Blood
 12348 | D:9      | Found a staircase to the Orcish Mines.
 12444 | D:9      | Reached ** piety under Kikubaaqudgha
 13383 | D:9      | Noticed Harold
 13420 | D:9      | Killed Harold
 13420 | D:9      | Reached skill level 5 in Conjurations
 13420 | D:9      | Reached skill level 5 in Summonings
 13420 | D:9      | Reached skill level 5 in Translocations
 13538 | D:9      | Noticed Psyche
 13546 | D:9      | Killed Psyche
 13628 | D:10     | Entered Level 10 of the Dungeon
 13633 | D:10     | Reached *** piety under Kikubaaqudgha
 13633 | D:10     | Identified Kikubaaqudgha's Incunabulum of Stolen Souls
                  | (Kikubaaqudgha gifted it to you on level 10 of the Dungeon)
 13633 | D:10     | Received a gift from Kikubaaqudgha
 13952 | D:10     | Reached XP level 11. HP: 50/81 MP: 19/24
 15086 | D:10     | Reached skill level 5 in Hexes
 15086 | D:10     | Reached skill level 5 in Charms
 15086 | D:10     | Reached skill level 5 in Necromancy
 15086 | D:10     | Reached skill level 5 in Transmutations
 15086 | D:10     | Reached skill level 5 in Fire Magic
 15086 | D:10     | Reached skill level 5 in Ice Magic
 15086 | D:10     | Reached skill level 5 in Air Magic
 15086 | D:10     | Reached skill level 5 in Earth Magic
 15086 | D:10     | Reached skill level 5 in Poison Magic
 16047 | D:11     | Reached **** piety under Kikubaaqudgha
 16118 | D:11     | Noticed a cyclops
 16134 | D:11     | Killed a cyclops
 16294 | D:11     | Found a staircase to the Lair.
 16332 | D:11     | Noticed a cyclops
 16338 | D:11     | Killed a cyclops
 16732 | D:11     | Found a shimmering altar of Xom.
 16892 | Lair:1   | Entered Level 1 of the Lair of Beasts
 17005 | Lair:1   | Noticed a seven-headed hydra
 17018 | Lair:1   | Killed a seven-headed hydra
 17185 | Lair:1   | Reached XP level 12. HP: 89/89 MP: 25/25
 17311 | Lair:1   | Learned a level 5 spell: Dispel Undead
 17317 | Lair:1   | Learned a level 5 spell: Bolt of Draining
 17369 | Lair:1   | Noticed an eight-headed hydra
 17378 | Lair:1   | Noticed a four-headed hydra
 17378 | Lair:1   | Killed an eight-headed hydra
 17390 | Lair:1   | Killed a four-headed hydra
 17699 | Lair:1   | Reached skill level 10 in Spellcasting
 18624 | Lair:2   | Noticed a six-headed hydra
 18633 | Lair:2   | Killed a six-headed hydra
 19148 | Lair:2   | Found a runed translucent door.
 19150 | Lair:2   | Found a shimmering altar of Xom.
 19150 | Lair:2   | Noticed Qoesoec's ghost (journeyman GrFi)
 19151 | Lair:2   | Identified the +4 scimitar of Ruhuw {chaos, Str+4 Int+2}
 19509 | Lair:2   | Noticed Sonja
 19512 | Lair:2   | You fall through a shaft!
 19592 | Lair:3   | Found a staircase to the Swamp.
 19714 | Lair:3   | Found a gate leading to a gauntlet.
 19739 | Gauntlet | Entered a Gauntlet
 19739 | Gauntlet | Found a transporter.
 19746 | Gauntlet | Found a transporter.
 19748 | Gauntlet | Found a transporter.
 19759 | Gauntlet | Found a transporter.
 19763 | Gauntlet | Found a transporter.
 19772 | Gauntlet | Found a transporter.
 19783 | Gauntlet | Found a transporter.
 19793 | Gauntlet | Found a transporter.
 19803 | Gauntlet | Found a transporter.
 19817 | Gauntlet | Found a transporter.
 19817 | Gauntlet | Found a transporter.
 19831 | Gauntlet | Found a transporter.
 19841 | Gauntlet | Found a transporter.
 19842 | Gauntlet | Found a transporter.
 19843 | Gauntlet | Noticed a tengu warrior
 19845 | Gauntlet | Found the ring of the Mage {Wiz MR++ Int+3}
 19989 | Gauntlet | Reached ***** piety under Kikubaaqudgha
 20136 | Gauntlet | Killed a tengu warrior
 20247 | Gauntlet | Got an encrusted cloak
 20250 | Gauntlet | Identified the +1 cloak of Tenacity {MR+ Dex+4 Stlth-} (You
                  | found it in a Gauntlet)
 20273 | Gauntlet | Noticed a minotaur
 20284 | Gauntlet | Killed a minotaur
 20284 | Gauntlet | Reached XP level 13. HP: 98/98 MP: 17/27
 20555 | Gauntlet | Learned a level 2 spell: Poisonous Vapours
 21394 | Lair:2   | Killed Sonja
 22001 | Lair:4   | Found a hole to the Spider Nest.
 23260 | Lair:5   | Found a frozen archway.
 23374 | IceCv    | Entered an ice cave
 24267 | IceCv    | Found an ancient bone altar of Kikubaaqudgha.
 24275 | IceCv    | Reached ****** piety under Kikubaaqudgha
 25288 | Lair:5   | Found a staircase to the Slime Pits.
 25473 | Lair:6   | Entered Level 6 of the Lair of Beasts
 25610 | Lair:6   | Reached XP level 14. HP: 87/106 MP: 29/29
 26095 | Lair:6   | Learned a level 5 spell: Fireball
 26759 | Lair:6   | Reached skill level 10 in Dodging
 27896 | Lair:6   | Reached skill level 10 in Stealth
 28287 | Lair:6   | Reached skill level 10 in Invocations
 28564 | Lair:6   | Found the +2 Maxwell's thermic engine {flame, freeze}
 28892 | Orc:1    | Entered Level 1 of the Orcish Mines
 29065 | Orc:1    | Found a roughly hewn altar of Beogh.
 29131 | Orc:2    | Entered Level 2 of the Orcish Mines
 29150 | Orc:2    | Noticed an orc warlord
 29186 | Orc:1    | Killed an orc warlord
 29838 | Orc:2    | Found a staircase to the Elven Halls.
 29923 | Orc:2    | Found Miepp's Book Emporium.
 29931 | Orc:2    | Bought a book of Necromancy for 450 gold pieces
 29934 | Orc:2    | Learned a level 1 spell: Animate Skeleton
 31131 | Orc:1    | Found Bum Wausiule's Antique Weapon Shoppe.
 31711 | Orc:2    | Found Ibres's Antique Armour Shop.
 31816 | Orc:2    | Found a radiant altar of Vehumet.
 31816 | Orc:2    | Noticed Erolcha
 31828 | Orc:2    | Killed Erolcha
 32005 | Orc:2    | Found Bokozxesh's Gadget Shop.
 32125 | Orc:2    | Found an ancient bone altar of Kikubaaqudgha.
 32143 | Orc:2    | Reached XP level 15. HP: 114/114 MP: 0/30
 32339 | Orc:2    | Found a roughly hewn altar of Beogh.
 32339 | Orc:2    | Found Olehieq's Magic Scroll Boutique.
 32366 | Orc:2    | Found Siuck's Gadget Shop.
 32583 | Orc:2    | Bought a scroll of identify for 30 gold pieces
 32584 | Orc:2    | Bought a scroll of identify for 30 gold pieces
 32588 | Orc:2    | Bought a scroll of blinking for 112 gold pieces
 32588 | Orc:2    | Bought a scroll of fear for 52 gold pieces
 32844 | Spider:1 | Entered Level 1 of the Spider Nest
 33506 | Spider:1 | Noticed an emperor scorpion
 33520 | Spider:1 | Killed an emperor scorpion
 35631 | Spider:2 | Reached skill level 10 in Fighting
 35631 | Spider:2 | Reached skill level 10 in Short Blades
 35631 | Spider:2 | Reached skill level 10 in Long Blades
 35631 | Spider:2 | Reached skill level 10 in Axes
 35631 | Spider:2 | Reached skill level 10 in Maces & Flails
 35631 | Spider:2 | Reached skill level 10 in Polearms
 35631 | Spider:2 | Reached skill level 10 in Staves
 35631 | Spider:2 | Reached skill level 10 in Slings
 35631 | Spider:2 | Reached skill level 10 in Bows
 35631 | Spider:2 | Reached skill level 10 in Crossbows
 35631 | Spider:2 | Reached skill level 10 in Throwing
 35631 | Spider:2 | Reached skill level 10 in Armour
 35631 | Spider:2 | Reached skill level 10 in Shields
 35631 | Spider:2 | Reached skill level 10 in Unarmed Combat
 35631 | Spider:2 | Reached skill level 10 in Evocations
 35907 | Orc:2    | Bought a scroll of amnesia for 52 gold pieces
 35913 | Orc:2    | Learned a level 4 spell: Animate Dead
 37238 | Spider:2 | Noticed Arachne
 37255 | Spider:2 | Killed Arachne
 38547 | Spider:3 | Reached skill level 10 in Ice Magic
 38547 | Spider:3 | Reached XP level 16. HP: 122/122 MP: 20/32
 40680 | Spider:4 | Entered Level 4 of the Spider Nest
 43012 | Spider:4 | Reached XP level 17. HP: 97/131 MP: 0/33
 43423 | Spider:4 | Got a gossamer rune of Zot
 43598 | Swamp:1  | Entered Level 1 of the Swamp
 47047 | Swamp:2  | Reached skill level 10 in Conjurations
 47047 | Swamp:2  | Reached skill level 10 in Summonings
 47047 | Swamp:2  | Reached skill level 10 in Translocations
 48040 | Swamp:3  | Found a transporter.
 48350 | Swamp:3  | Found a transporter.
 48632 | Swamp:3  | Got a coiled wooden ring
 48634 | Swamp:3  | Identified the ring of the Pharaoh's Fist {Ice Dex+6
                  | Stlth-} (You found it on level 3 of the Swamp)
 48659 | Swamp:3  | Identified the amulet of Poiz {Inacc *Slow rPois Int+5
                  | Stlth+} (You found it on level 3 of the Swamp)
 48710 | Swamp:4  | Entered Level 4 of the Swamp
 48719 | Swamp:3  | Learned a level 5 spell: Borgnjor's Vile Clutch
 49393 | Swamp:4  | Reached skill level 10 in Hexes
 49393 | Swamp:4  | Reached skill level 10 in Charms
 49393 | Swamp:4  | Reached skill level 10 in Necromancy
 49393 | Swamp:4  | Reached skill level 10 in Transmutations
 49393 | Swamp:4  | Reached skill level 10 in Fire Magic
 49393 | Swamp:4  | Reached skill level 10 in Air Magic
 49393 | Swamp:4  | Reached skill level 10 in Earth Magic
 49393 | Swamp:4  | Reached skill level 10 in Poison Magic
 49550 | Swamp:4  | Reached XP level 18. HP: 125/139 MP: 14/35
 49589 | Swamp:4  | Noticed the 27-headed Lernaean hydra
 49605 | Swamp:4  | Killed the 27-headed Lernaean hydra
 49700 | Swamp:4  | Got a decaying rune of Zot
 50296 | Elf:1    | Entered Level 1 of the Elven Halls
 50654 | Elf:1    | Identified a scroll of acquirement
 51679 | Elf:1    | Found a runed translucent gate.
 51679 | Elf:1    | Found a runed translucent gate.
 51679 | Elf:1    | Found a runed translucent gate.
 51679 | Elf:1    | Found a runed translucent gate.
 51679 | Elf:1    | Found a runed translucent gate.
 51680 | Elf:1    | Found a runed translucent gate.
 53150 | Elf:2    | Found a runed translucent gate.
 53492 | Elf:2    | Found a runed translucent gate.
 53492 | Elf:2    | Found a runed translucent gate.
 53496 | Elf:2    | Noticed Heg Cuhi's ghost (adept MiFi)
 53496 | Elf:2    | Noticed SushiGirl's ghost (journeyman DECj)
 53497 | Elf:2    | Noticed Heg Cuhi's ghost (adept MiFi)
 53511 | Elf:2    | Killed SushiGirl's ghost
 53581 | Elf:2    | Killed Heg Cuhi's ghost
 53868 | Elf:2    | Killed Heg Cuhi's ghost
 54068 | Elf:2    | Reached XP level 19. HP: 104/147 MP: 30/36
 54638 | Elf:2    | Found a huge runed translucent gate.
 54640 | Elf:2    | Found a huge runed translucent gate.
 54640 | Elf:2    | Found a huge runed translucent gate.
 54641 | Elf:2    | Found a huge runed translucent gate.
 54641 | Elf:2    | Found a huge runed translucent gate.
 54710 | Elf:3    | Entered Level 3 of the Elven Halls
 54905 | Elf:3    | Found a portal to a secret trove of treasure.
 55302 | Elf:3    | Identified the Tome of Conjuration
 56620 | Elf:3    | Noticed a Hell Sentinel
 57290 | Elf:3    | Identified the +11 glaive of Moel {chop, rPois}
 57290 | Elf:3    | Identified the +2 robe of Japot {Str+3 Int+3 Dex+4}
 57601 | Elf:3    | Found the +7 Spriggan's Knife {stab, EV+4 Stlth+}
 57940 | Elf:3    | Learned a level 6 spell: Death Channel
 58228 | D:12     | Found a flagged portal.
 58283 | Bailey   | Entered a bailey
 58356 | Bailey   | Reached XP level 20. HP: 155/155 MP: 18/38
 60324 | D:13     | Noticed Frances
 60330 | D:13     | Gained mutation: You are frail. (-10% HP) [a neqoxec]
 60346 | D:13     | Killed Frances
 60348 | D:13     | Noticed Azrael
 60371 | D:13     | Killed Azrael
 60794 | D:13     | Found a gate to the Vaults.
 60898 | D:13     | Noticed Maurice
 60906 | D:13     | Killed Maurice
 60906 | D:13     | Reached XP level 21. HP: 145/145 MP: 39/39
 61180 | D:13     | Lost mutation: You are frail. (-10% HP) [potion of
                  | mutation]
 61180 | D:13     | Gained mutation: Potions are less effective at restoring
                  | your health. [potion of mutation]
 61180 | D:13     | Gained mutation: You have supernaturally acute eyesight.
                  | (SInv) [potion of mutation]
 61180 | D:13     | Gained mutation: Your muscles are strong. (Str +2) [potion
                  | of mutation]
 61180 | D:13     | Gained mutation: Your mind is acute. (Int +2) [potion of
                  | mutation]
 61181 | D:13     | Lost mutation: Your muscles are strong. (Str +2) [potion of
                  | mutation]
 61181 | D:13     | Lost mutation: Your mind is acute. (Int +2) [potion of
                  | mutation]
 61181 | D:13     | Lost mutation: Potions are less effective at restoring your
                  | health. [potion of mutation]
 61181 | D:13     | Gained mutation: You are resistant to electric shocks.
                  | (rElec) [potion of mutation]
 61181 | D:13     | Gained mutation: You are dopey. (Int -2) [potion of
                  | mutation]
 61181 | D:13     | Gained mutation: Your flesh is heat resistant. (rF+)
                  | [potion of mutation]
 61328 | D:14     | Noticed Kirke
 61350 | D:14     | Killed Kirke
 61803 | D:14     | Found a blossoming altar of Fedhas.
 61839 | D:14     | Identified Roxanne's Almanac of Transmutation
 61839 | D:14     | Noticed Roxanne
 61857 | D:14     | Killed Roxanne
 62052 | D:14     | Noticed Louise
 62058 | D:14     | Killed Louise
 62743 | D:15     | Entered Level 15 of the Dungeon
 62965 | D:15     | Found a sacrificial altar of Ru.
 63259 | D:15     | Found a staircase to the Depths.
 63879 | Vaults:1 | Entered Level 1 of the Vaults
 66189 | Vaults:2 | Found a ruined gateway.
 66206 | Vaults:2 | Learned a level 6 spell: Freezing Cloud
 66215 | Desolati | Entered the Desolation of Salt
 66275 | Desolati | Found the cursed +13 scythe of Curses {drain, *Curse}
 66367 | Desolati | Identified Sif Muna's Disquisition on Quantum Enchantment
 66497 | Desolati | Reached skill level 15 in Spellcasting
 67299 | Desolati | Identified a +2 pair of boots of running (You found it in
                  | the Desolation of Salt)
 67300 | Desolati | Identified Sif Muna's Collected Works on Changing and
                  | Arcane Weapons
 67357 | Desolati | Reached XP level 22. HP: 157/171 MP: 4/41
 67453 | Desolati | Identified the Guide on the Harmful Frostbite
 67464 | Desolati | Got a scorched silver amulet
 67465 | Desolati | Identified the amulet "Qudwydot" {RegenMP rF+} (You found
                  | it in the Desolation of Salt)
 67927 | Vaults:2 | Found Suwkaopo's General Store.
 68154 | Vaults:2 | Bought a box of beasts for 420 gold pieces
 68154 | Vaults:2 | Bought a potion of heal wounds for 105 gold pieces
 68415 | Vaults:2 | Reached skill level 15 in Invocations
 68469 | Vaults:2 | Found Cunomn's Antique Armour Emporium.
 68480 | Vaults:2 | Bought an embroidered cloak for 277 gold pieces
 69323 | Vaults:2 | Found Ratoh's Antique Armour Shoppe.
 69455 | Vaults:2 | Reached skill level 15 in Ice Magic
 70087 | Vaults:3 | Found a staircase to the Crypt.
 70087 | Vaults:3 | Found a basalt altar of Yredelemnul.
 70087 | Vaults:3 | Found an ancient bone altar of Kikubaaqudgha.
 71730 | Vaults:4 | Reached XP level 23. HP: 178/178 MP: 25/42
 72145 | Vaults:4 | Reached skill level 15 in Dodging
 72986 | Vaults:4 | Found a runed translucent gate.
 72986 | Vaults:4 | Found a runed translucent gate.
 72986 | Vaults:4 | Found a runed translucent gate.
 72993 | Vaults:4 | Noticed Angmar's ghost (veteran DrAE)
 73156 | Vaults:4 | Reached skill level 15 in Stealth
 73347 | Vaults:4 | Learned a level 6 spell: Simulacrum
 73350 | Vaults:5 | Entered Level 5 of the Vaults
 74004 | Vaults:5 | Reached XP level 24. HP: 159/187 MP: 9/43
 74007 | Vaults:5 | Identified the ring of Activism {*Contam rPois MR+ Int+4
                  | Dex+4}
 74228 | Vaults:5 | Got an ichor-stained hat
 74458 | Vaults:5 | Reached skill level 15 in Fighting
 74458 | Vaults:5 | Reached skill level 15 in Short Blades
 74458 | Vaults:5 | Reached skill level 15 in Long Blades
 74458 | Vaults:5 | Reached skill level 15 in Axes
 74458 | Vaults:5 | Reached skill level 15 in Maces & Flails
 74458 | Vaults:5 | Reached skill level 15 in Polearms
 74458 | Vaults:5 | Reached skill level 15 in Staves
 74458 | Vaults:5 | Reached skill level 15 in Slings
 74458 | Vaults:5 | Reached skill level 15 in Bows
 74458 | Vaults:5 | Reached skill level 15 in Crossbows
 74458 | Vaults:5 | Reached skill level 15 in Throwing
 74458 | Vaults:5 | Reached skill level 15 in Armour
 74458 | Vaults:5 | Reached skill level 15 in Shields
 74458 | Vaults:5 | Reached skill level 15 in Unarmed Combat
 74458 | Vaults:5 | Reached skill level 15 in Evocations
 74462 | Vaults:5 | Identified the +1 hat of Responsibility {rElec} (You found
                  | it on level 5 of the Vaults)
 74548 | Vaults:5 | Got a silver rune of Zot
 75377 | Vaults:5 | Identified the ring "Baedogel" {*Tele *Contam Str+4 Int+4}
                  | (You found it on level 5 of the Vaults)
 75521 | Vaults:5 | Identified the +1 cloak "Peebb" {MR- Regen+ rCorr} (You
                  | found it on level 5 of the Vaults)
 75579 | Vaults:4 | Learned a level 7 spell: Spellforged Servitor
 75851 | Depths:1 | Entered Level 1 of the Depths
 76160 | Depths:1 | Noticed Saint Roka
 76179 | Depths:1 | Killed Saint Roka
 76464 | Depths:1 | Identified the +0 ring mail "Ocoos" {Str+2} (You found it
                  | on level 1 of the Depths)
 76564 | Depths:3 | Found a one-way gate leading to the halls of Pandemonium.
 76653 | Depths:3 | Found a flickering gateway to a bazaar.
 76702 | Bazaar   | Entered a bazaar
 76702 | Bazaar   | Found Xoluhao's Gadget Emporium.
 76702 | Bazaar   | Found Sel Muule's Weapon Emporium.
 76704 | Bazaar   | Found Rodiwawo's Jewellery Shoppe.
 76704 | Bazaar   | Found Faeryphupih's Book Shoppe.
 76726 | Bazaar   | Bought a wand of enslavement (3) for 35 gold pieces
 76726 | Bazaar   | Bought a phial of floods for 280 gold pieces
 76726 | Bazaar   | Bought a wand of clouds (6) for 210 gold pieces
 76726 | Bazaar   | Bought a box of beasts for 140 gold pieces
 76726 | Bazaar   | Bought a phantom mirror for 210 gold pieces
 76736 | Bazaar   | Bought a book of Party Tricks for 750 gold pieces
 76946 | Depths:2 | Identified the +1 faerie dragon scales {+Inv rCorr}
 76946 | Depths:2 | Noticed the Enchantress
 76958 | Depths:3 | Killed the Enchantress
 78068 | Orc:2    | Bought a scroll of magic mapping for 52 gold pieces
 78068 | Orc:2    | Bought a scroll of magic mapping for 52 gold pieces
 79210 | Depths:5 | Entered Level 5 of the Depths
 79386 | Depths:5 | Found a gateway to a ziggurat.
 79493 | Depths:5 | Reached XP level 25. HP: 187/195 MP: 11/43
 79948 | Depths:4 | Found a gateway to Hell.
 80248 | Depths:4 | Found a one-way gate to the infinite horrors of the Abyss.
 80326 | Depths:4 | You fall through a shaft!
 80382 | Depths:4 | Identified the +7 great mace "Caerch" {crush, Str+3}
 81635 | Depths:5 | Found a gate to the Realm of Zot.
 82257 | Zot:1    | Entered Level 1 of the Realm of Zot
 82283 | Zot:1    | Noticed an orb of fire
 82353 | Zot:1    | Gained mutation: Your body sometimes deteriorates upon
                  | taking damage. [an orb of fire]
 82361 | Zot:1    | Killed an orb of fire
 82855 | Zot:1    | Found a runed translucent gate.
 82856 | Zot:1    | Found a runed translucent gate.
 82878 | Zot:1    | Found a runed translucent gate.
 82879 | Zot:1    | Found an opulent altar of Gozag.
 82880 | Zot:1    | Found Sonouhat's Assorted Antiques.
 82880 | Zot:1    | Noticed Icycared's ghost (master GrFi)
 82880 | Zot:1    | Noticed an orb of fire
 82881 | Zot:1    | Found Foboeb's Assorted Antiques.
 83676 | Zot:1    | Reached XP level 26. HP: 192/204 MP: 2/44
 83716 | Zot:1    | Identified the Grimoire of Free Expression
 83719 | Zot:1    | Identified the ring "Beasmef" {Ice rPois rN+ Str+5 Int-3}
                  | (You found it on level 1 of the Realm of Zot)
 83722 | Zot:1    | Identified the Grimoire of Enhancements
 85045 | Zot:1    | Killed an orb of fire
 85075 | Zot:1    | Killed Icycared's ghost
 85200 | Zot:1    | Bought a wand of acid (9) for 208 gold pieces
 85201 | Zot:1    | Bought a twitching pewter ring for 165 gold pieces
 85201 | Zot:1    | Bought a scroll of enchant armour for 247 gold pieces
 85201 | Zot:1    | Bought 3 scrolls of amnesia for 346 gold pieces
 85201 | Zot:1    | Bought a potion of resistance for 330 gold pieces
 85201 | Zot:1    | Bought a papyrus book for 495 gold pieces
 85202 | Zot:1    | Bought a scroll of fear for 91 gold pieces
 85202 | Zot:1    | Bought a box of beasts for 520 gold pieces
 85202 | Zot:1    | Bought a potion of curing for 78 gold pieces
 85238 | Zot:1    | Received a gift from Kikubaaqudgha
 85242 | Zot:1    | Learned a level 1 spell: Apportation
 85245 | Zot:1    | Learned a level 2 spell: Swiftness
 85249 | Zot:1    | Identified the ring of Qiediez {MR+ EV+6} (You bought it in
                  | a shop on level 1 of the Realm of Zot)
 85806 | Orc:2    | Bought a scroll of enchant armour for 112 gold pieces
 85937 | Elf:3    | You paid a toll of +2 gold dragon scales to enter a
                  | treasure trove
 85938 | Trove    | Entered a treasure trove
 85943 | Trove    | Got a fine tin amulet
 85947 | Trove    | Got a flickering brass ring
 85949 | Trove    | Got a sparkling tin ring
 85951 | Trove    | Got a crude bone ring
 85953 | Trove    | Got an ancient platinum amulet
 85954 | Trove    | Identified the amulet of Xivurif {Reflect Int+4 SH+4
                  | Stlth+} (You found it in a treasure trove)
 85956 | Trove    | Got a wavering steel ring
 85958 | Trove    | Got a warped silver amulet
 85966 | Trove    | Got a glittering brass amulet
 85983 | Elf:3    | Identified the ring of Zouhet {rCorr *Drain MR++ Dex+5}
                  | (You found it in a treasure trove)
 85986 | Elf:3    | Identified the amulet of Qoxkiprila {Harm *Drain Fragile
                  | rC+ Int+10} (You found it in a treasure trove)
 85988 | Elf:3    | Identified the ring of Xatohupe {+Fly MR+ Str+4 Stlth+}
                  | (You found it in a treasure trove)
 85989 | Elf:3    | Identified the ring of Qoutech {AC+2 Int+6} (You found it
                  | in a treasure trove)
 85990 | Elf:3    | Identified the ring "Romniux" {MR+ MP+9} (You found it in a
                  | treasure trove)
 85998 | Elf:3    | Identified the amulet of Attitude {Harm *Drain rElec Dex+4}
                  | (You found it in a treasure trove)
 85999 | Elf:3    | Identified the amulet "Tileorul" {Reflect rC+ MR++ Int+5
                  | SH+2} (You found it in a treasure trove)
 86855 | Zot:1    | Learned a level 7 spell: Malign Gateway
 88028 | Zot:3    | Noticed a Killer Klown
 88035 | Zot:3    | Killed a Killer Klown
 88340 | Zot:4    | Noticed a Killer Klown
 88357 | Zot:4    | Killed a Killer Klown
 88869 | Zot:4    | Noticed a Killer Klown
 88874 | Zot:4    | Killed a Killer Klown
 89558 | Zot:5    | Entered Level 5 of the Realm of Zot
 89799 | Zot:5    | Noticed an ancient lich
 89808 | Zot:5    | Killed an ancient lich
 89892 | Zot:5    | Noticed an ancient lich
 89893 | Zot:5    | Noticed an orb of fire
 89938 | Zot:5    | Noticed an orb of fire
 89940 | Zot:5    | Noticed a Killer Klown
 89941 | Zot:5    | Noticed a Killer Klown
 89945 | Zot:5    | Noticed a Killer Klown
 89950 | Zot:5    | Killed an orb of fire
 89950 | Zot:5    | Killed a Killer Klown
 89954 | Zot:5    | Killed a Killer Klown
 89956 | Zot:5    | Killed an orb of fire
 89959 | Zot:5    | Noticed an orb of fire
 89962 | Zot:5    | Noticed an ancient lich
 89965 | Zot:5    | Killed a Killer Klown
 89968 | Zot:5    | Noticed an ancient lich
 89969 | Zot:5    | Noticed an orb of fire
 89983 | Zot:5    | Killed an ancient lich
 89983 | Zot:5    | Reached XP level 27. HP: 141/213 MP: 22/44
 89984 | Zot:5    | Killed an orb of fire
 89990 | Zot:5    | Killed an ancient lich
 90006 | Zot:5    | Killed an ancient lich
 90242 | Zot:5    | Gained mutation: Your body often deteriorates upon taking
                  | damage. [an orb of fire]
 90243 | Zot:5    | Noticed an ancient lich
 90449 | Zot:5    | Killed an ancient lich
 90488 | Zot:5    | Gained mutation: You are clumsy. (Dex -2) [an orb of fire]
 90500 | Zot:5    | Killed an orb of fire
 90829 | Zot:1    | Learned a level 7 spell: Haunt
 91935 | Zot:5    | Noticed an ancient lich
 91946 | Zot:5    | Killed an ancient lich
 93215 | Zot:5    | Got the Orb of Zot
 93718 | D:$      | Escaped with the Orb!

Skill      XL: |  1  2  3  4  5  6  7  8  9 10 11 12 13 14 15 16 17 18 19 20 21 22 23 24 25 26 27 |
---------------+----------------------------------------------------------------------------------+-----
Conjurations   | 2 3 4 5 6 7 8 9 10 11 12 13 14 | 14.8
Summonings     | 2 3 4 5 6 7 8 9 10 11 12 13 14 | 14.8
Translocations | 2 3 4 5 6 7 8 9 10 11 12 13 14 | 14.8
Invocations    | 1 2 3 4 5 6 7 8 9 10 11 12 13 14 15 16 17 18 | 18.3
Fighting       | 1 2 3 4 5 6 7 8 9 10 11 12 13 14 15 16 17 | 17.0
Short Blades   | 1 2 3 4 5 6 7 8 9 10 11 12 13 14 15 16 17 | 17.0
Long Blades    | 1 2 3 4 5 6 7 8 9 10 11 12 13 14 15 16 17 | 17.0
Axes           | 1 2 3 4 5 6 7 8 9 10 11 12 13 14 15 16 17 | 17.0
Maces & Flails | 1 2 3 4 5 6 7 8 9 10 11 12 13 14 15 16 17 | 17.0
Polearms       | 1 2 3 4 5 6 7 8 9 10 11 12 13 14 15 16 17 | 17.0
Staves         | 1 2 3 4 5 6 7 8 9 10 11 12 13 14 15 16 17 | 17.0
Slings         | 1 2 3 4 5 6 7 8 9 10 11 12 13 14 15 16 17 | 17.0
Bows           | 1 2 3 4 5 6 7 8 9 10 11 12 13 14 15 16 17 | 17.0
Crossbows      | 1 2 3 4 5 6 7 8 9 10 11 12 13 14 15 16 17 | 17.0
Throwing       | 1 2 3 4 5 6 7 8 9 10 11 12 13 14 15 16 17 | 17.0
Armour         | 1 2 3 4 5 6 7 8 9 10 11 12 13 14 15 16 17 | 17.0
Shields        | 1 2 3 4 5 6 7 8 9 10 11 12 13 14 15 16 17 | 17.0
Unarmed Combat | 1 2 3 4 5 6 7 8 9 10 11 12 13 14 15 16 17 | 17.0
Evocations     | 1 2 3 4 5 6 7 8 9 10 11 12 13 14 15 16 17 | 17.0
Hexes          | 1 2 3 4 5 6 7 8 9 10 11 12 13 14 | 14.6
Charms         | 1 2 3 4 5 6 7 8 9 10 11 12 13 14 | 14.6
Necromancy     | 1 2 3 4 5 6 7 8 9 10 11 12 13 14 | 14.6
Transmutations | 1 2 3 4 5 6 7 8 9 10 11 12 13 14 | 14.6
Fire Magic     | 1 2 3 4 5 6 7 8 9 10 11 12 13 14 | 14.6
Ice Magic      | 1 2 3 4 5 6 7 8 10 11 12 13 14 15 16 17 | 17.7
Air Magic      | 1 2 3 4 5 6 7 8 9 10 11 12 13 14 | 14.6
Earth Magic    | 1 2 3 4 5 6 7 8 9 10 11 12 13 14 | 14.6
Poison Magic   | 1 2 3 4 5 6 7 8 9 10 11 12 13 14 | 14.6
Dodging        | 5 6 7 8 9 10 11 12 13 14 15 16 17 | 17.4
Stealth        | 5 6 7 8 9 10 11 12 13 14 15 16 17 | 17.4
Spellcasting   | 8 9 10 11 12 13 14 15 16 17 18 | 18.0

Action                   |  1- 3 |  4- 6 |  7- 9 | 10-12 | 13-15 | 16-18 | 19-21 | 22-24 | 25-27 || total
-------------------------+-------+-------+-------+-------+-------+-------+-------+-------+-------++-------
Melee: Short sword       |       |    84 |   327 |   179 |       |       |       |       |       ||   590
       Bite              |       |    11 |    28 |    48 |    33 |    58 |    56 |    41 |    31 ||   306
       Punch             |       |       |     5 |    10 |       |       |       |       |       ||    15
       Dagger            |       |       |       |   377 |   165 |       |       |       |       ||   542
       Staff             |       |       |       |     3 |     2 |     6 |    94 |    12 |    12 ||   129
       Double sword      |       |       |       |       |   128 |   336 |    54 |       |       ||   518
       Knife             |       |       |       |       |       |       |    98 |    13 |     1 ||   112
       Demon trident     |       |       |       |       |       |       |   164 |   513 |   324 ||  1001
 Fire: Hunting sling     |       |     1 |     8 |    17 |       |       |       |       |       ||    26
Throw: Javelin           |       |       |       |       |     8 |       |       |       |       ||     8
 Cast: Magic Dart        |    81 |   126 |   207 |   295 |    80 |       |       |       |       ||   789
       Slow              |       |     8 |    10 |    22 |       |       |       |       |       ||    40
       Call Imp          |       |     4 |     3 |    29 |     3 |     1 |       |       |       ||    40
       Mephitic Cloud    |       |     3 |    17 |    32 |    18 |       |       |       |       ||    70
       Conjure Flame     |       |     1 |     3 |    24 |    48 |    29 |       |       |       ||   105
       Vampiric Draining |       |       |       |    12 |     1 |       |       |       |       ||    13
       Bolt of Draining  |       |       |       |    12 |   356 |   248 |   125 |   107 |    82 ||   930
       Corpse Rot        |       |       |       |     1 |     7 |       |     1 |     2 |       ||    11
       Dispel Undead     |       |       |       |       |    29 |    25 |    11 |    10 |    11 ||    86
       Poisonous Vapours |       |       |       |       |   126 |    81 |     2 |       |       ||   209
       Animate Skeleton  |       |       |       |       |    19 |    16 |    36 |    33 |    20 ||   124
       Fireball          |       |       |       |       |     7 |    20 |     4 |       |       ||    31
       Blink             |       |       |       |       |     1 |     7 |     1 |       |     1 ||    10
       Animate Dead      |       |       |       |       |     3 |    52 |    30 |    51 |    31 ||   167
       Borgnjor's Vile C |       |       |       |       |       |    83 |   160 |   116 |   107 ||   466
       Death Channel     |       |       |       |       |       |       |    26 |    55 |    42 ||   123
       Sublimation of Bl |       |       |       |       |       |       |     7 |       |     3 ||    10
       Spellforged Servi |       |       |       |       |       |       |       |     2 |       ||     2
       Freezing Cloud    |       |       |       |       |       |       |       |     1 |       ||     1
       Simulacrum        |       |       |       |       |       |       |       |       |    33 ||    33
       Malign Gateway    |       |       |       |       |       |       |       |       |    10 ||    10
       Haunt             |       |       |       |       |       |       |       |       |     2 ||     2
Invok: Receive Corpses   |       |       |       |     1 |     6 |    20 |     7 |       |    30 ||    64
       Receive Necronomi |       |       |       |       |       |       |       |       |     1 ||     1
Evoke: Wand              |       |       |       |     9 |    32 |    13 |     5 |     4 |     9 ||    72
       Lightning rod     |       |       |       |     3 |       |     8 |     5 |     4 |     1 ||    21
       Fan of gales      |       |       |       |       |     1 |     2 |       |       |     1 ||     4
       Lamp of fire      |       |       |       |       |       |     2 |       |       |       ||     2
       Box of beasts     |       |       |       |       |       |     1 |       |       |     3 ||     4
       Phial of floods   |       |       |       |       |       |       |       |       |     2 ||     2
  Use: Scroll            |       |     9 |     8 |    13 |    13 |    11 |    18 |    19 |    21 ||   112
       Potion            |       |     1 |       |     2 |     1 |     3 |     3 |     3 |     3 ||    16
 Stab: Sleeping          |       |     3 |     3 |    15 |     4 |     4 |    26 |     6 |     2 ||    63
       Confused          |       |       |     8 |    31 |     4 |       |       |       |       ||    43
       Paralysed         |       |       |       |     1 |       |       |       |       |       ||     1
       Distracted        |       |       |       |     2 |     1 |     8 |     4 |    31 |    12 ||    58
       Betrayed ally     |       |       |       |       |       |     1 |       |       |       ||     1
       Invisible         |       |       |       |       |       |     1 |       |       |       ||     1
  Eat: Chunk             |     2 |    11 |    12 |    17 |    51 |    23 |    24 |    25 |    14 ||   179
       Ration            |       |       |     2 |     4 |    12 |    13 |     6 |     5 |    13 ||    55
Armor: Robe              |     1 |       |       |       |       |       |    33 |    69 |    47 ||   150
       Leather armour    |       |     2 |       |       |       |       |       |       |       ||     2
       Ring mail         |       |    24 |   121 |   158 |   149 |   152 |       |       |       ||   604
       Swamp dragon scal |       |       |       |       |       |    72 |    14 |       |       ||    86
Dodge: Dodged            |     5 |    46 |   241 |   324 |   386 |   522 |   279 |   268 |   155 ||  2226
Block: Buckler           |       |       |       |    61 |   244 |   269 |    24 |       |       ||   598
       Reflection        |       |       |       |       |       |     3 |     2 |       |       ||     5
       Shield            |       |       |       |       |       |       |   207 |   208 |       ||   415
       Large shield      |       |       |       |       |       |       |       |     3 |   254 ||   257
       Rpst.: Double sword |       |       |       |       |    30 |    52 |     6 |       |       ||    88
